 Dungeon Crawl Stone Soup version 0.21-a0-584-g185da8e (webtiles) character file.

74 tsouns the Poker (level 4, -1/31 HPs)
             Began as an Octopode Berserker on Dec 20, 2017.
             Was a Believer of Trog.
             Slain by a gnoll
             ... wielding a +0 spear
              (8 damage)
             ... on level 2 of the Dungeon.
             The game lasted 00:03:39 (1405 turns).

tsouns the Poker (Octopode Berserker)               Turns: 1405, Time: 00:03:40

Health: -1/31      AC:  1    Str: 17    XL:     4   Next: 30%
Magic:  4/4        EV: 14    Int:  9    God:    Trog [**....]
Gold:   84         SH:  0    Dex: 11    Spells: 3/3 levels left

rFire    . . .     SeeInvis .   a - +0 spear
rCold    . . .     Gourm    .   (no shield)
rNeg     . . .     Faith    +   (helmet restricted)
rPois    .         Spirit   .   d - amulet of faith
rElec    .         Reflect  .   h - ring of resist corrosion
rCorr    +         Harm     .   (no ring)
MR       ++...                  (no ring)
Stlth    +++.......             (no ring)
HPRegen  1.10/turn              (no ring)
MPRegen  0.09/turn              (no ring)
                                (no ring)
                                (no ring)

@: about to teleport, berserk cooldown, regenerating, slowed, very slow
A: almost no armour, stealthy swim, amphibious, 8 rings, constrict 8, camouflage
1, gelatinous body 1
a: Berserk, Trog's Hand, Burn Spellbooks, Renounce Religion


You were on level 2 of the Dungeon.
You worshipped Trog.
Trog was pleased with you.
You were near starving.

You visited 1 branch of the dungeon, and saw 2 of its levels.

You collected 84 gold pieces.

Inventory:

Hand Weapons
 a - a +0 spear (weapon)
Missiles
 g - 68 stones (quivered)
Jewellery
 d - an amulet of faith (around mantle)
 h - a ring of resist corrosion (left tentacle)
Scrolls
 c - a scroll of teleportation
 e - a scroll of enchant armour {unknown}
 k - a scroll of remove curse {unknown}
Potions
 f - a potion of haste {unknown}
 j - a potion of curing {unknown}
Comestibles
 b - 5 rations


   Skills:
 + Level 3.5 Fighting
 + Level 3.6 Polearms
 + Level 3.5 Dodging
 + Level 2.5 Stealth


You had 3 spell levels left.
You didn't know any spells.

Dungeon Overview and Level Annotations

Branches:
Dungeon (2/15)

Altars:


Innate Abilities, Weirdness & Mutations

You cannot wear most types of armour.
You are very stealthy in the water. (Stealth+)
You are amphibious.
You can wear up to eight rings at the same time.
You can use your tentacles to constrict eight enemies at once.
Your skin changes colour to match your surroundings (Stealth+).
Your rubbery body absorbs attacks. (AC +1, EV +1)


Message History

You are too injured to fight recklessly!
You are too injured to fight recklessly!
You are too injured to fight recklessly!
You are too injured to fight recklessly!
You are too injured to fight recklessly!
You are too injured to fight recklessly!
You are too injured to fight recklessly!
You are too injured to fight recklessly!
You are too injured to fight recklessly!
You are too injured to fight recklessly!
Okay, then.
Your skin crawls.
You feel resistant to hostile enchantments.
You feel somewhat more hungry. The gnoll barely misses you.
As you read the scroll labeled PUNYRAUSA, it crumbles to dust.
You feel strangely unstable.
It was a scroll of teleportation.
The gnoll hits you from afar with a spear.
* * * LOW HITPOINT WARNING * * *
The gnoll hits you from afar with a spear!
You die...

#................#
#.......
#.<..............#
#''####.
#................#
♣..♣ ##
##..............##
♣..♣ #
##.....##.....##
♣..♣
########)###..#
♣..♣ #.# ##.# ♣..♣
#.# #.# ♣..♣
#.####@# ♣..♣
#...##)# ♣♣..♣♣
###.##g# ♣.♣♣.♣
#...g# ♣.♣♣.♣
####.# ♣♣..♣♣ #(#
♣..♣ #####.# ♣..♣
#..##.## ♣..♣
#####.g)[..# ♣..♣


You could see 2 gnolls.

Vanquished Creatures
  2 gnolls (D:2)
  An ooze (D:2)
  2 dart slugs
  5 giant cockroaches
  5 goblins
  10 hobgoblins
  3 jackals (D:2)
  3 bats
  A jackal skeleton (D:2)
  8 kobolds
  2 rats
42 creatures vanquished.

Notes
Turn   | Place    | Note
-------+----------+-------------------------------------------
     0 | D:1      | tsouns the Octopode Berserker began the quest for the Orb.
     0 | D:1      | Reached XP level 1. HP: 16/16 MP: 1/1
   130 | D:1      | Reached XP level 2. HP: 21/21 MP: 2/2
   140 | D:1      | Reached skill level 1 in Stealth
   463 | D:1      | Reached XP level 3. HP: 26/26 MP: 3/3
   604 | D:2      | Reached ** piety under Trog
  1394 | D:2      | Reached XP level 4. HP: 31/31 MP: 4/4
  1405 | D:2      | Slain by a gnoll

Vault maps used:
D:1:      minmay_arrival_plants_in_alcoves
D:2:      kennysheep_big_flooded_room, nicolae_overflow_crystal_walls

Skill      XL: |  1  2  3 |
---------------+----------+-----
Stealth        | 1 2 |  2.5
Fighting       | |  3.5
Polearms       | |  3.6
Dodging        | |  3.5

Action                   |  1- 3 |  4- 6 || total
-------------------------+-------+-------++-------
Melee: Spear             |   103 |     8 ||   111
       Constrict         |    22 |       ||    22
       Tentacles         |    17 |       ||    17
Invok: Berserk           |     2 |       ||     2
       Trog's Hand       |       |     1 ||     1
  Use: Scroll            |       |     1 ||     1
 Stab: Sleeping          |    11 |       ||    11
       Distracted        |     1 |       ||     1
  Eat: Chunk             |     2 |       ||     2
Armor: Skin              |     2 |       ||     2
Dodge: Dodged            |    41 |     5 ||    46

Table legend:
 A = Spawn XP
 B = Non-spawn XP
 C = Spawn XP percentage of total XP
 D = Spawn monster count
 E = Non-spawn monster count
 F = Spawn count percentage of total count
 G = Total turns spent on level
                    A         B        C        D         E        F      G
               +---------+---------+-------+---------+---------+-------+---------
         Total |       0 |     107 |   0.0 |       0 |      42 |   0.0 |  1405
               +---------+---------+-------+---------+---------+-------+---------
           D:1 |       0 |      34 |   0.0 |       0 |      19 |   0.0 |   790
           D:2 |       0 |      73 |   0.0 |       0 |      23 |   0.0 |   615
               +---------+---------+-------+---------+---------+-------+---------
